 Dungeon Crawl Stone Soup version 0.21.1-1-g345015f (webtiles) character file.

49 Judge the Charmwright (level 4, 0/29 HPs)
             Began as a Halfling Skald on June 10, 2018.
             Slain by a goblin
             ... wielding a +0 club
             ... led by Robin
              (4 damage)
             ... on level 2 of the Dungeon.
             The game lasted 00:18:01 (1532 turns).

Judge the Charmwright (Halfling Skald)              Turns: 1532, Time: 00:18:02

Health: 0/29       AC:  6    Str: 10 (12) XL:     4   Next: 1%
Magic:  2/6        EV: 14    Int: 15 (17) God:
Gold:   42         SH:  0    Dex: 12 (13) Spells: 3/6 levels left

rFire    . . .     SeeInvis .   a - +0 short sword
rCold    . . .     Gourm    .   (shield restricted)
rNeg     . . .     Faith    .   b - +0 leather armour
rPois    .         Spirit   .   (no helmet)
rElec    .         Reflect  .   (no cloak)
rCorr    .         Harm     .   f - +2 pair of gloves
MR       .....                  (no boots)
Stlth    +.........             (no amulet)
HPRegen  0.09/turn              (no ring)
MPRegen  0.10/turn              (no ring)

@: brilliant
A: small, mutation resistance 1
a: no special abilities


You were on level 2 of the Dungeon.
You were very hungry.

You visited 1 branch of the dungeon, and saw 2 of its levels.

You collected 42 gold pieces.

Inventory:

Hand Weapons
 a - a +0 short sword (weapon)
 l - a +0 spear
Missiles
 e - 33 stones (quivered)
 i - 15 poisoned needles
Armour
 b - a +0 leather armour (worn)
 f - a +2 pair of gloves (worn)
Scrolls
 g - a scroll of amnesia {unknown}
 h - 2 scrolls of identify {unknown}
Books
 c - a book of Battle

   Spells                             Type                      Level
   a - Infusion                       Charms                       1
   b - Shroud of Golubria             Charms/Translocation         2
   c - Song of Slaying                Charms                       2
   d - Spectral Weapon                Hexes/Charms                 3
   e - Regeneration                   Charms/Necromancy            3
Comestibles
 d - 6 rations


   Skills:
 + Level 2.0 Fighting
 + Level 3.0 Short Blades
 + Level 1.4 Armour
 * Level 2.4 Dodging
 + Level 0.2 Stealth
 + Level 1.8 Spellcasting
 * Level 4.0 Charms


You had 3 spell levels left.
You knew the following spells:

 Your Spells              Type           Power        Failure   Level  Hunger
a - Infusion              Chrm           ###.         1%          1    ##.....
b - Song of Slaying       Chrm           ###.....     1%          2    ###....


Dungeon Overview and Level Annotations

Branches:
Dungeon (2/15)

Altars:
Gozag
Uskayaw
Wu Jian

Annotations:
D:2 Robin


Innate Abilities, Weirdness & Mutations

You are small and have problems with some larger weapons.
You are somewhat resistant to further mutation.


Message History

The goblin hits you with a dagger.
You hit the kobold.
You kill the kobold!
The kobold closely misses you. The goblin hits you with a dagger.
You hit the goblin.
You kill the goblin!
Your Short Blades skill increases to level 3!
You have reached level 4!
Robin throws the goblin at you! The kobold hits you but does no damage.
You closely miss the goblin. The goblin hits you with a club!
* * * LOW HITPOINT WARNING * * *
The kobold closely misses you.
It was a potion of brilliance.
You feel clever all of a sudden. The goblin misses you.
The kobold closely misses you.
It was a potion of degeneration.
There was something very wrong with that liquid.
You feel weakened.
You feel dopey.
You feel clumsy. The goblin hits you with a club.
You die...

.# g. .# ...
.##._.g ..#....
##.<.#._. ##
##..$.....
##..####)........
###...#)Kgg........
......g@##)......##
###.....###.....##
##.#..# ##...## #
#..# #.## #..# .#
#..# .# #..# .#
####


You could see Robin, a hobgoblin, a goblin and a kobold.

Vanquished Creatures
  2 dart slugs (D:1)
  A giant cockroach (D:1)
  10 goblins
  7 hobgoblins
  3 jackals (D:1)
  4 bats (D:1)
  A frilled lizard (D:1)
  2 kobolds
  10 rats (D:1)
40 creatures vanquished.

Notes
Turn   | Place    | Note
-------+----------+-------------------------------------------
     0 | D:1      | Judge the Halfling Skald began the quest for the Orb.
     0 | D:1      | Reached XP level 1. HP: 14/14 MP: 3/3
   296 | D:1      | Reached XP level 2. HP: 19/19 MP: 4/4
   305 | D:1      | Learned a level 2 spell: Song of Slaying
   779 | D:1      | Reached XP level 3. HP: 24/24 MP: 5/5
  1488 | D:2      | Found an ornate altar of the Wu Jian Council.
  1489 | D:2      | Found an opulent altar of Gozag.
  1490 | D:2      | Found a hide-covered altar of Uskayaw.
  1505 | D:2      | Noticed Robin
  1508 | D:2      | Reached skill level 4 in Charms
  1529 | D:2      | Reached XP level 4. HP: 12/29 MP: 1/6
  1532 | D:2      | Slain by a goblin

Skill      XL: |  1  2  3 |
---------------+----------+-----
Fighting       | 2 |  2.0
Charms         | 4 |  4.0
Short Blades   | 3 |  3.0
Armour         | |  1.4
Dodging        | |  2.4
Stealth        | |  0.2
Spellcasting   | |  1.8

Action                   |  1- 3 |  4- 6 || total
-------------------------+-------+-------++-------
Melee: Short sword       |   106 |     1 ||   107
Throw: Stone             |    10 |       ||    10
 Cast: Infusion          |     9 |       ||     9
       Song of Slaying   |     7 |       ||     7
  Use: Potion            |       |     2 ||     2
  Eat: Chunk             |     2 |       ||     2
Armor: Leather armour    |    32 |     2 ||    34
Dodge: Dodged            |    76 |     3 ||    79
